Map: Ulrena

Players

zidar

  • Race: Zerg Zerg
  • League: Gold
  • Spawn Location: 11:00

AndrewMoscow - Winner!

  • Race: Protoss Protoss
  • League: Gold
  • Spawn Location: 7:00

VOD

Have the link to the VOD?

Description

Time

  • Played on: June 5, 2016, 10:18 a.m.
  • Length: 26:44
Show
View Real Time Build Order
Export as new Build Order

zidar Zerg 

Build Orders: Pool First 

Get SALT Encoding   

  12  0:02  Drone  
  13  0:12  Overlord  
  13  0:17  Drone  
  14  0:30  Drone x2  
  14  0:34  Drone  
  17  0:49  Spawning Pool  
  16  0:54  Drone  
  17  1:04  Drone  
  18  1:23  Hatchery  
  18  1:24  Drone  
  17  1:27  Extractor, Drone  
  17  1:39  Queen  
  19  1:42  Overlord  
  20  1:47  Drone  
  20  1:54  Drone  
  21  2:02  Zergling x2  
  22  2:18  Queen  
  24  2:25  Drone x2  
  24  2:27  Metabolic Boost  
  26  2:44  Roach Warren  
  25  3:06  Lair  
  25  3:09  Drone x7  
  32  3:27  Extractor  
  32  3:34  Extractor  
  30  3:37  Extractor  
  29  3:44  Drone x4  
  29  3:48  Drone x3  
  36  4:00  Spore Crawler  
  35  4:06  Spore Crawler  
  34  4:14  Hydralisk Den  
  33  4:32  Spore Crawler  
  32  4:46  Spore Crawler  
  31  4:54  Overlord  
  31  4:55  Overlord x8  
  31  4:59  Pneumatized Carapace  
  31  5:05  Muscular Augments  
  31  5:50  Drone x15  
  46  6:00  Hydralisk x2  
  50  6:14  Evolution Chamber, Glial Reconstitution  
  50  6:15  Evolution Chamber  
  47  6:34  Queen  
  49  6:40  Hatchery  
  49  6:42  Zerg Missile Weapons Level 1  
  49  6:44  Hydralisk  
  49  6:46  Hydralisk  
  50  6:52  Drone x2  
  54  6:54  Drone  
  55  7:03  Zerg Ground Armor Level 1  
  55  7:05  Drone x2  
  55  7:07  Drone  
  58  7:13  Queen  
  60  7:25  Hydralisk x3  
  66  8:00  Drone x10  
  66  8:01  Drone x6  
  66  8:02  Drone x2  
  66  8:03  Drone x2  
  86  8:20  Extractor  
  86  8:25  Extractor  
  84  8:30  Hydralisk x6  
  84  8:31  Hydralisk x4  
  104  8:46  Zerg Missile Weapons Level 2  
  104  8:51  Overlord  
  104  8:52  Overlord x3  
  104  9:05  Zerg Ground Armor Level 2  
  104  9:23  Drone x3  
  107  9:27  Hydralisk x10  
  127  9:40  Infestation Pit  
  126  9:55  Hydralisk  
  126  9:58  Overlord x2  
  126  9:59  Overlord  
  128  10:02  Overlord x3  
  128  10:18  Hive  
  128  10:20  Hydralisk x6  
  128  10:21  Hydralisk x10  
  160  10:38  Hydralisk x4  
  168  10:43  Hatchery  
  167  10:54  Hydralisk x5  
  177  11:01  Overseer x2  
  177  11:02  Overseer x2  
  177  11:20  Overlord x2  
  177  11:21  Overlord  
  177  11:22  Overlord x3  
  177  11:44  Hydralisk  
  177  11:45  Hydralisk x10  
  199  12:16  Zerg Missile Weapons Level 3  
  199  12:17  Zerg Ground Armor Level 3  
  113  12:55  Hydralisk x9  
  113  12:56  Hydralisk x15  
  155  13:34  Spire  
  154  14:06  Hatchery  
  153  14:25  Drone x2  
  155  14:41  Extractor  
  155  14:44  Extractor  
  153  14:45  Mutalisk x5  
  153  14:46  Mutalisk x11  
  185  15:21  Zerg Flyer Weapons Level 1  
  175  15:58  Hydralisk x12  
  141  16:36  Hydralisk x8  
  141  16:38  Viper x3  
  141  16:39  Viper  
  122  17:50  Hydralisk Den  
  91  18:52  Hydralisk x7  
  91  18:53  Hydralisk x9  
  123  19:05  Hydralisk  
  123  19:06  Hydralisk x3  
  99  19:32  Viper x2  
  99  19:33  Viper x2  
  99  19:34  Hydralisk x5  
  121  19:51  Overseer  
  76  20:24  Hydralisk  
  76  20:25  Hydralisk x10  
  68  21:21  Spawning Pool  
  67  21:39  Extractor  
  66  21:40  Extractor  
  65  22:08  Lair  
  65  22:13  Hatchery  
  64  22:21  Hatchery  
  63  22:37  Hydralisk x6  
  75  23:00  Hydralisk x7  
  89  23:22  Hydralisk  
  89  23:23  Hydralisk x4  
  99  23:33  Hydralisk x4  
  99  23:34  Hydralisk x2  
  101  23:37  Hydralisk  
  113  23:52  Infestation Pit  
  112  23:56  Hydralisk x9  
  130  24:47  Hydralisk x15  
  73  25:28  Hydralisk x6  
  73  25:29  Hydralisk x6  
  97  25:56  Hydralisk  
  97  25:57  Hydralisk x4  
  109  26:15  Hydralisk x5  
Show
View Real Time Build Order
Export as new Build Order

AndrewMoscow Protoss - Winner!

Build Orders: Phoenix Opening 

Get SALT Encoding   

  12  0:02  Probe (Chrono Boost)  
  13  0:13  Probe (Chrono Boost)  
  14  0:23  Probe (Chrono Boost)  
  14  0:26  Pylon  
  15  0:44  Probe (Chrono Boost)  
  15  0:46  Gateway  
  16  0:55  Probe (Chrono Boost)  
  17  1:05  Probe (Chrono Boost)  
  18  1:13  Pylon  
  18  1:16  Probe (Chrono Boost)  
  19  1:24  Assimilator  
  19  1:26  Probe (Chrono Boost)  
  20  1:34  Pylon  
  20  1:37  Probe (Chrono Boost)  
  21  1:49  Cybernetics Core  
  21  2:01  Nexus  
  21  2:08  Zealot  
  21  2:11  Probe (Chrono Boost)  
  24  2:21  Probe (Chrono Boost)  
  25  2:23  Assimilator  
  25  2:33  Mothership Core (Chrono Boost)  
  27  2:53  Probe (Chrono Boost)  
  28  3:03  Probe (Chrono Boost)  
  29  3:10  Stargate  
  29  3:14  Probe (Chrono Boost)  
  30  3:22  Nexus  
  30  3:24  Probe (Chrono Boost)  
  31  3:29  Assimilator  
  31  3:35  Probe (Chrono Boost)  
  31  3:39  Stalker  
  34  3:45  Probe (Chrono Boost)  
  35  3:54  Phoenix (Chrono Boost)  
  35  3:55  Probe (Chrono Boost)  
  38  4:04  Stargate  
  38  4:05  Probe  
  39  4:15  Probe  
  39  4:16  Assimilator  
  40  4:26  Probe  
  40  4:27  Void Ray (Chrono Boost)  
  45  4:36  Probe  
  46  4:42  Probe  
  47  4:47  Probe  
  47  4:51  Assimilator  
  48  4:52  Probe  
  48  4:57  Probe  
  50  5:03  Probe  
  50  5:04  Assimilator  
  51  5:08  Probe  
  51  5:13  Probe  
  52  5:18  Probe  
  58  5:21  Void Ray (Chrono Boost)  
  58  5:24  Probe  
  58  5:27  Pylon  
  59  5:28  Stargate  
  59  5:29  Probe  
  59  5:35  Probe  
  60  5:39  Probe  
  62  5:45  Probe, Forge  
  63  5:50  Probe, Protoss Air Armor Level 1  
  63  5:56  Probe  
  64  6:00  Probe  
  66  6:06  Probe  
  67  6:11  Probe  
  67  6:13  Void Ray (Chrono Boost)  
  67  6:14  Pylon  
  67  6:17  Probe  
  72  6:19  Protoss Shields Level 1 (Chrono Boost)  
  72  6:22  Probe  
  74  6:27  Probe  
  74  6:32  Probe  
  75  6:38  Probe, Photon Cannon  
  77  6:41  Photon Cannon  
  77  6:45  Pylon  
  77  6:47  Void Ray x2  
  85  6:54  Stargate  
  85  6:59  Pylon  
  85  7:01  Probe  
  85  7:06  Pylon  
  86  7:10  Photon Cannon  
  86  7:12  Probe  
  86  7:14  Pylon  
  87  7:17  Void Ray  
  87  7:22  Stargate, Probe  
  91  7:29  Twilight Council  
  92  7:33  Probe  
  93  7:41  Void Ray  
  93  7:43  Nexus, Probe  
  97  7:47  Protoss Air Weapons Level 1 (Chrono Boost)  
  98  7:54  Probe  
  98  7:56  Fleet Beacon  
  99  8:03  Photon Cannon  
  99  8:04  Probe  
  99  8:06  Pylon  
  99  8:10  Cybernetics Core  
  99  8:12  Protoss Shields Level 2 (Chrono Boost)  
  100  8:16  Void Ray  
  104  8:23  Robotics Facility  
  104  8:28  Photon Cannon  
  104  8:30  Probe  
  105  8:36  Pylon  
  105  8:39  Pylon  
  105  8:40  Probe  
  106  8:49  Void Ray x3  
  106  8:51  Probe  
  106  8:54  Protoss Air Armor Level 2 (Chrono Boost)  
  119  9:00  Pylon  
  119  9:02  Photon Cannon  
  119  9:03  Probe  
  120  9:10  Assimilator  
  120  9:13  Probe  
  121  9:24  Probe  
  121  9:25  Tempest, Assimilator  
  121  9:26  Tempest  
  130  9:33  Photon Cannon  
  130  9:34  Probe  
  131  9:40  Stargate  
  131  9:41  Observer (Chrono Boost)  
  131  9:45  Probe  
  132  9:52  Pylon  
  133  9:55  Probe  
  133  9:59  Warp Prism (Chrono Boost)  
  136  10:03  Protoss Air Weapons Level 2 (Chrono Boost)  
  136  10:06  Probe, Tempest x2  
  145  10:16  Probe  
  146  10:22  Void Ray x2  
  146  10:23  Void Ray  
  146  10:27  Probe, Pylon  
  158  10:30  Pylon  
  158  10:33  Void Ray  
  163  10:37  Protoss Shields Level 3 (Chrono Boost)  
  163  10:59  Tempest x2  
  163  11:01  Probe  
  172  11:05  Tempest  
  176  11:12  Probe  
  177  11:22  Probe  
  178  11:25  Protoss Air Armor Level 3  
  178  11:27  Nexus  
  178  11:29  Tempest x2  
  186  11:41  Nexus  
  186  11:46  Pylon  
  186  11:49  Pylon  
  186  11:50  Pylon  
  186  11:54  Assimilator  
  186  11:57  Assimilator  
  186  12:04  Tempest x2  
  194  12:12  Assimilator  
  194  12:18  Tempest  
  198  12:34  Photon Cannon  
  190  13:05  Photon Cannon  
  190  13:17  Photon Cannon  
  190  13:23  Assimilator  
  190  13:27  Tempest x2  
  190  13:32  Photon Cannon  
  198  13:36  Photon Cannon  
  198  13:38  Photon Cannon  
  198  13:41  Photon Cannon  
  198  13:48  Photon Cannon  
  198  13:55  Photon Cannon  
  198  13:57  Photon Cannon  
  198  14:01  Pylon  
  198  14:07  Photon Cannon  
  196  14:23  Photon Cannon  
  196  14:26  Photon Cannon  
  196  14:30  Photon Cannon  
  196  14:33  Photon Cannon  
  196  14:38  Photon Cannon  
  196  14:41  Photon Cannon  
  196  14:44  Photon Cannon  
  196  14:52  Protoss Air Weapons Level 3  
  196  14:53  Photon Cannon  
  196  14:56  Protoss Ground Armor Level 1 (Chrono Boost)  
  196  15:08  Stargate  
  190  15:44  Tempest  
  190  15:45  Tempest x2  
  197  15:54  Photon Cannon  
  189  16:36  Tempest x2  
  189  16:37  Photon Cannon  
  193  17:04  Photon Cannon  
  193  17:09  Pylon  
  193  17:13  Photon Cannon  
  175  17:23  Void Ray x4  
  175  17:24  Void Ray x2  
  183  18:22  Tempest x3  
  183  18:23  Tempest  
  174  18:51  Void Ray x2, Tempest  
  186  19:05  Tempest x3  
  186  19:07  Tempest  
  178  19:34  Tempest x3  
  190  19:48  Tempest x2  
  192  20:16  Void Ray  
  192  20:17  Void Ray  
  193  20:31  Void Ray  
  197  20:52  Pylon  
  179  21:12  Photon Cannon  
  179  21:14  Photon Cannon  
  179  21:18  Photon Cannon  
  179  21:23  Photon Cannon  
  179  21:26  Pylon  
  179  21:31  Photon Cannon  
  179  21:41  Nexus, Pylon  
  179  21:43  Tempest  
  179  21:44  Tempest x3  
  199  21:52  Pylon  
  199  21:56  Pylon  
  199  22:07  Probe  
  199  22:15  Assimilator  
  200  22:17  Assimilator  
  196  22:32  Photon Cannon  
  196  22:40  Nexus  
  196  22:41  Photon Cannon  
  196  22:45  Photon Cannon  
  196  22:48  Photon Cannon  
  196  22:55  Probe  
  197  23:06  Probe, Photon Cannon  
  197  23:08  Photon Cannon  
  198  23:15  Photon Cannon  
  198  23:16  Probe  
  198  23:19  Photon Cannon  
  199  23:27  Probe  
  200  23:35  Pylon  
  200  23:40  Pylon  
  200  23:43  Pylon  
  200  23:59  Photon Cannon  
  200  24:00  Photon Cannon  
  200  24:03  Nexus  
  200  24:04  Photon Cannon  
  200  24:06  Photon Cannon  
  200  24:10  Photon Cannon  
  200  24:14  Photon Cannon  
  200  24:16  Photon Cannon  
  200  24:20  Photon Cannon  
  159  25:40  Pylon  
  158  26:00  Void Ray x5  
  158  26:01  Void Ray  
Tags
 
Add a new tag
Caveats
  • Supply blocks, unpowered buildings, or Contaminate may cause inaccurate times.
  • Supply counts are checked every 10 seconds.